 Dungeon Crawl Stone Soup version 0.30.2 (webtiles) character file.

Game seed: 1601650619160775268

33828 RancidPinata the Covert (level 13, -1/95 HPs)
             Began as an Octopode Delver on Jan 13, 2024.
             Was a Follower of Ru.
             Shot with an arrow by Nessos (2 damage)
             ... on level 5 of the Lair of Beasts on Jan 22, 2024.
             The game lasted 01:53:55 (22312 turns).

RancidPinata the Covert (Octopode Delver)          Turns: 22312, Time: 01:53:56

Health: -1/95      AC:  1    Str: 23    XL:     13   Next: 73%
Magic:  22/22      EV: 24    Int: 19    God:    Ru [*.....]
Gold:   1006       SH:  0    Dex: 15    Spells: 11/12 levels left

rFire   + . .        p - +8 dagger "Etsionuq" {vamp, rPois rF+ Int+3}
rCold   . . .        (no shield)
rNeg    . . .        (helmet restricted)
rPois   +            a - amulet of magic regeneration
rElec   .            y - +6 ring of strength
rCorr   .            e - +5 ring of evasion
SInv    .            P - +6 ring of strength
Will    ++...        d - ring of Moodiness {Will++ MP+9 Stlth+}
Stlth   ++++++++     (no ring)
HPRegen 0.35/turn    (no ring)
MPRegen 0.58/turn    (no ring)
                     (no ring)

%: no passive effects
@: lethally poisoned (-1 -> -32)
A: almost no armour, amphibious, 8 rings, camouflage 1, gelatinous body 1,
unskilled 1, (nimble swimmer 1), tentacles
a: Renounce Religion


You were on level 5 of the Lair of Beasts.
You worshipped Ru.
Ru was aware of your devotion.
You visited 4 branches of the dungeon, and saw 18 of its levels.

You collected 1006 gold pieces.

Inventory:

Hand Weapons
 p - the +8 dagger "Etsionuq" (weapon) {vamp, rPois rF+ Int+3}
   (You found it on level 3 of the Lair of Beasts)

   Int:       It affects your intelligence (+3).
   rF:        It protects you from fire.
   rPois:     It protects you from poison.
 x - a +4 dagger
 H - the +3 hammer "Posiuh" {flame, Int+3}
   (You found it on level 2 of the Dungeon)

   Int:       It affects your intelligence (+3).
 J - a +5 dagger of venom
 M - a +5 rapier of speed
 V - the +6 shillelagh "Devastator" {shatter}
   (You found it on level 11 of the Dungeon)
Missiles
 g - 152 stones
 n - 3 datura-tipped darts
 o - 10 boomerangs (quivered)
 s - 2 throwing nets
 t - 4 atropa-tipped darts
 B - 35 poisoned darts
 I - 12 javelins
Jewellery
 a - an amulet of magic regeneration (around mantle)
 d - the ring of Moodiness (on tentacle) {Will++ MP+9 Stlth+}
   (You found it on level 9 of the Dungeon)

   [ring of magical power]

   MP:        It affects your magic capacity (+9).
   Will:      It greatly increases your willpower.
   Stlth:     It makes you more stealthy.
 e - a +5 ring of evasion (right tentacle)
 w - a ring of protection from fire
 y - a +6 ring of strength (left tentacle)
 P - a +6 ring of strength (on tentacle)
Wands
 f - a wand of digging (3)
 D - a wand of light (5)
 N - a wand of paralysis (6)
 T - a wand of flame (15)
 W - a wand of polymorph (7)
Scrolls
 b - 3 scrolls of fog
 c - 5 scrolls of magic mapping
 h - a scroll of fear
 j - 9 scrolls of teleportation
 l - 2 scrolls of poison
 m - 3 scrolls of silence
 q - a scroll of enchant weapon
 A - a scroll of summoning {unknown}
 C - 3 scrolls of blinking
 E - a scroll of torment {unknown}
 K - 2 scrolls of acquirement {unknown}
 L - 3 scrolls of amnesia
 X - 2 scrolls of enchant armour
Potions
 i - a potion of cancellation {unknown}
 k - 6 potions of heal wounds
 r - 3 potions of invisibility
 u - 3 potions of curing
 v - 4 potions of brilliance
 z - 4 potions of ambrosia
 F - 2 potions of flight
 G - a potion of might {unknown}
 O - a potion of attraction {unknown}
 Q - a potion of mutation {unknown}
 U - a potion of resistance {unknown}
 Y - a potion of berserk rage {unknown}
 Z - 3 potions of magic
Miscellaneous
 R - a piece from Xom's chessboard (15/15)


   Skills:
 * Level 11.3 Fighting
 + Level 8.0 Short Blades
 + Level 7.3 Maces & Flails
 + Level 3.5 Throwing
 * Level 11.2 Dodging
 + Level 13.8 Stealth
 + Level 3.8 Evocations


You had 11 spell levels left.
You knew the following spells:

 Your Spells              Type           Power      Damage    Failure   Level
a - Sandblast             Erth           0%         2d4       21%         1

Your spell library contained the following spells:

 Spells                   Type           Power      Damage    Failure   Level
 Kiss of Death            Conj/Necr      0%         2d5       21%         1
 Necrotise                Necr           0%         1d4       21%         1
 Slow                     Hex            0%         N/A       21%         1
 Lesser Beckoning         Tloc           0%         N/A       30%         2
 Passwall                 Tmut/Erth      0%         N/A       30%         2
 Confusing Touch          Hex            0%         N/A       52%         3
 Dazzling Flash           Conj/Hex       0%         N/A       52%         3
 Gell's Gravitas          Tloc           0%         N/A       52%         3
 Stone Arrow              Conj/Erth      0%         3d7       52%         3
 Teleport Other           Tloc           0%         N/A       52%         3
 Tukima's Dance           Hex            0%         N/A       52%         3
 Vampiric Draining        Necr           0%         2d6       52%         3
 Dispel Undead            Necr           0%         3d6       90%         4
 Passage of Golubria      Tloc           0%         N/A       90%         4
 Agony                    Necr           0%         N/A       99%         5
 Silence                  Hex/Air        0%         N/A       99%         5
 Yara's Violent Unravell  Hex/Tmut       0%         3d3       99%         5
 Dispersal                Tloc           0%         N/A       100%        6


Dungeon Overview and Level Annotations

Branches:
Dungeon (11/15)            Temple (1/1) D:4            Lair (5/5) D:11
 Shoals (0/4) Lair:2        Snake (0/4) Lair:2        Slime (0/5) Lair:4
    Orc (1/2) D:9

Altars:
Ashenzari
Cheibriados
Dithmenos
Elyvilon
Fedhas
Gozag
Hepliaklqana
Kikubaaqudgha
Makhleb
Nemelex Xobeh
Okawaru
Qazlal
Ru
Sif Muna
Trog
Uskayaw
Vehumet
Wu Jian
Xom
Yredelemnul
Zin
The Shining One
Jiyva

Shops:
D:9 [

Annotations:
Lair:4 1 runed translucent door, Duteqan's ghost, journeyman TrFi
Lair:5 3 runed translucent doors, Jeban's ghost, journeyman OpFi; Nessos


Innate Abilities, Weirdness & Mutations

You cannot wear most types of armour.
You are amphibious.
You can wear up to eight rings at the same time.
Your skin changes colour to match your surroundings (Stealth+).
Your rubbery body absorbs attacks. (AC +1, EV +1)
You are somewhat unskilled. (-1 Apt)
((You are camouflaged when in or above water. (Stealth+)))
You have tentacles for arms and can constrict up to eight enemies at once.


Message History

You start resting.
Your extra speed is starting to run out.
You start resting.
You feel yourself slow down.
You start resting.
HP restored.
Do you really want to reject the sacrifices Ru is offering?
Ru will take longer to evaluate your readiness.
There is a stone staircase leading down here.
You climb downwards.
Level annotation: 3 runed translucent doors, Jeban's ghost, journeyman OpFi; Nessos
There is a stone staircase leading up, spattered with blood here.
Press: ? - help, v - describe, . - travel The floor, spattered with blood.
Nessos gestures wildly while chanting.
Nessos blinks!
There is a stone staircase leading up, spattered with blood here.
Nessos shoots an arrow.
The arrow completely misses you.
Nessos casts a spell.
Nessos blinks!
Nessos shoots an arrow.
The arrow hits you!!
Nessos gestures wildly while chanting.
Nessos blinks!
Nessos casts a spell.
Nessos seems to speed up.
Nessos shoots an arrow.
The arrow hits you!! The arrow burns you.
You are poisoned.
Nessos shoots an arrow.
The arrow hits you!!
* * * LOW HITPOINT WARNING * * *
The arrow burns you.
* * * LOW HITPOINT WARNING * * *
There is a stone staircase leading up, spattered with blood here.
* * * LOW HITPOINT WARNING * * *
You feel extremely sick.
Nessos shoots an arrow.
The arrow closely misses you.
Jeban's ghost says, "One skewered Octopus, coming right up."
Nessos shoots an arrow.
The arrow hits you!
* * * LOW HITPOINT WARNING * * *
The arrow burns you.
You are more poisoned.
You die...

.....## ###
.....#.####.### ###
......#..##.#.###.P###
...........$.........###
.......................#
.c.....................#
.........c..............
........................
................@.......
....#....P###..P#.......
.....###### #######+++##
....# #WD...# ... D....~
.. ..).:. ..!.~ ...P#


You could see Nessos (fast), a 13-headed hydra, a 11-headed hydra and Jeban's
ghost.

Vanquished Creatures
  Snorg (Lair:4)
  Erolcha (D:9)
  2 catoblepae
  2 two-headed ogres
  2 boulder beetles
  Urug (Lair:3)
  Nergalle (Lair:2)
  A cyclops (D:8)
  2 merfolk sirens (Lair:2)
  A manticore (Lair:1)
  7 black mambas
  3 elephants (Lair:2)
  9 cane toads
  A rime drake (Lair:3)
  3 komodo dragons
  2 merfolk (Lair:2)
  Grinder (D:6)
  2 polar bears
  2 hornets
  23 blink frogs
  Prince Ribbit (D:8)
  A wraith (D:11)
  A wyvern (D:7)
  28 yaks
  A shadow (D:9)
  Eustachio (D:6)
  3 basilisks
  3 steam dragons
  11 water moccasins
  Menkaure (D:4)
  3 nagas (Lair:2)
  3 acid dragons
  3 sky beasts (D:7)
  8 black bears
  An ogre (D:7)
  6 orc warriors
  9 wolves
  A hornet zombie (D:6)
  6 centaurs
  5 phantoms
  A kobold brigand (D:6)
  12 bullfrogs
  Blork the orc (D:6)
  A gnoll sergeant (D:6)
  3 scorpions
  4 killer bees (D:8)
  2 electric eels (Lair:1)
  7 howler monkeys
  5 hounds
  4 bullfrog zombies (D:6)
  A centaur zombie (D:6)
  5 orc priests
  6 jellies
  A gnoll bouda (D:7)
  Crazy Yiuf (D:2)
  2 sleepcaps
  5 iguanas (D:5)
  Terence (D:3)
  Natasha (thrice) (D:2)
  11 orc wizards
  A killer bee zombie (D:6)
  A howler monkey zombie (D:6)
  Robin (D:2)
  5 adders
  5 gnolls (D:7)
  A shadow imp (D:7)
  2 white imps (D:7)
  An ufetubus (D:5)
  2 worms
  2 dart slugs
  28 orcs
  6 bats
  8 endoplasms
  4 giant cockroaches
  16 goblins
  14 hobgoblins
  11 jackals
  15 kobolds
  5 quokkas
  8 ball pythons
  4 frilled lizards
  4 rats
383 creatures vanquished.

Vanquished Creatures (others)
  A yak (Lair:4)
1 creature vanquished.

Grand Total: 384 creatures vanquished

Notes
Turn   | Place    | Note
-------+----------+-------------------------------------------
     0 | D:5      | RancidPinata the Octopode Delver began the quest for the
                  | Orb.
     0 | D:5      | Reached XP level 1. HP: 16/16 MP: 1/1
     1 | D:6      | Noticed a hound
     9 | D:7      | Noticed a sleepcap
    10 | D:7      | Noticed a kobold brigand
    22 | D:5      | Noticed a jelly
    26 | D:5      | Noticed a hound
    39 | D:5      | Noticed a hound
    42 | D:5      | Noticed an iguana
    43 | D:5      | Noticed an iguana
    44 | D:5      | Noticed an iguana
   172 | D:4      | Reached XP level 2. HP: 21/21 MP: 2/2
   193 | D:4      | Reached XP level 3. HP: 26/26 MP: 3/3
   223 | D:4      | Found a staircase to the Ecumenical Temple.
   310 | Temple   | Entered the Ecumenical Temple
   460 | D:3      | Noticed Terence
   476 | D:3      | Killed Terence
   477 | D:3      | Reached skill level 7 in Stealth
   477 | D:3      | Reached XP level 4. HP: 4/33 MP: 4/4
  1595 | D:2      | Found a faded altar of an unknown god.
  1722 | D:2      | Noticed Robin
  1758 | D:2      | Reached XP level 5. HP: 35/37 MP: 5/5
  1761 | D:2      | Killed Robin
  1823 | D:2      | Noticed Natasha
  1833 | D:2      | Killed Natasha
  2075 | D:2      | Noticed Natasha
  2081 | D:2      | Killed Natasha
  2113 | D:2      | Noticed Natasha
  2123 | D:2      | Killed Natasha
  2187 | D:2      | Reached XP level 6. HP: 37/44 MP: 6/6
  2467 | D:2      | Found a runed translucent door.
  2468 | D:2      | Noticed Crazy Yiuf
  2475 | D:2      | Killed Crazy Yiuf
  2477 | D:2      | Identified the +3 hammer "Posiuh" {flame, Int+3}
  3225 | D:4      | Noticed Menkaure
  3534 | D:4      | HP: 1/45 [Menkaure (21)]
  3535 | D:4      | Killed Menkaure
  3536 | D:4      | Reached skill level 5 in Fighting
  3536 | D:4      | Reached skill level 1 in Maces & Flails
  3536 | D:4      | Reached XP level 7. HP: 2/50 MP: 7/7
  3736 | D:4      | Reached skill level 8 in Stealth
  4141 | D:4      | Found a hazy altar of Hepliaklqana.
  4526 | D:5      | Reached skill level 5 in Dodging
  4615 | D:5      | Reached XP level 8. HP: 57/57 MP: 8/8
  5337 | D:6      | Reached skill level 9 in Stealth
  5676 | D:6      | Noticed Blork the orc
  5678 | D:6      | Killed Blork the orc
  5726 | D:6      | Identified the +3 robe "Yli Ulluck" {+Inv Int+3}
  5747 | D:6      | Reached XP level 9. HP: 58/63 MP: 9/9
  5774 | D:6      | Noticed Grinder
  5777 | D:6      | Killed Grinder
  5825 | D:6      | Reached skill level 10 in Stealth
  5854 | D:6      | Reached skill level 5 in Short Blades
  6047 | D:6      | Noticed Eustachio
  6049 | D:6      | Killed Eustachio
  6868 | D:7      | Learned a level 1 spell: Sandblast
  6930 | D:7      | Reached skill level 11 in Stealth
  6996 | D:6      | Reached XP level 10. HP: 29/72 MP: 10/10
  7707 | D:8      | Noticed a two-headed ogre
  7720 | D:8      | Killed a two-headed ogre
  8053 | D:8      | Noticed a cyclops
  8067 | D:8      | Killed a cyclops
  8068 | D:8      | Reached skill level 12 in Stealth
  8403 | D:8      | Found a glowing silver altar of Zin.
  8415 | D:8      | Noticed Prince Ribbit
  8425 | D:8      | Killed Prince Ribbit
  8792 | D:8      | Reached skill level 5 in Maces & Flails
  9631 | D:9      | Reached XP level 11. HP: 41/80 MP: 11/11
 10077 | D:9      | Identified the ring of Moodiness {Will++ MP+9 Stlth+}
 10159 | D:9      | Noticed Erolcha
 10164 | D:9      | Killed Erolcha
 10211 | D:9      | Noticed a two-headed ogre
 10228 | D:9      | Found a staircase to the Orcish Mines.
 10803 | Orc:1    | Entered Level 1 of the Orcish Mines
 10805 | Orc:1    | Noticed a cyclops
 10852 | D:9      | Killed a two-headed ogre
 10853 | D:9      | Reached skill level 13 in Stealth
 10902 | D:9      | Found Loxuo's Antique Armour Emporium.
 11205 | D:10     | Entered Level 10 of the Dungeon
 11453 | D:10     | Found a shimmering blue altar of Sif Muna.
 11503 | D:10     | Found a snail-covered altar of Cheibriados.
 11603 | D:10     | Found a bloodstained altar of Trog.
 11606 | D:10     | Found a basalt altar of Yredelemnul.
 11609 | D:10     | Found a sacrificial altar of Ru.
 11613 | D:10     | Became a worshipper of Ru the Awakened
 12569 | D:11     | Found a staircase to the Lair.
 12611 | D:11     | Reached skill level 10 in Fighting
 13152 | D:11     | Found the +6 shillelagh "Devastator" {shatter}
 13302 | D:11     | Noticed a boulder beetle
 13327 | Lair:1   | Entered Level 1 of the Lair of Beasts
 13736 | D:11     | Noticed a manticore
 14007 | D:11     | Killed a boulder beetle
 14008 | D:11     | Reached skill level 10 in Dodging
 14305 | Lair:1   | Reached XP level 12. HP: 56/88 MP: 12/12
 15338 | Lair:1   | Reached skill level 14 in Stealth
 15958 | Lair:2   | Reached skill level 1 in Evocations
 15965 | Lair:2   | Reached skill level 1 in Throwing
 16194 | Lair:2   | Noticed a catoblepas
 16564 | Lair:2   | Gained mutation: You are somewhat unskilled. (-1 Apt) [Ru
                  | sacrifice]
 16564 | Lair:2   | Reduced skill Fighting to level 10
 16564 | Lair:2   | Reduced skill Dodging to level 10
 16564 | Lair:2   | Reduced skill Stealth to level 13
 16564 | Lair:2   | Reached * piety under Ru
 16784 | Lair:2   | Noticed Nergalle
 16822 | Lair:2   | Upgraded the game from 0.30.1-11-g7821555f0a to 0.30.2
 17274 | Lair:2   | Killed Nergalle
 17277 | Lair:2   | Found a staircase to the Shoals.
 17305 | Lair:2   | Reached XP level 13. HP: 48/93 MP: 13/13
 17563 | Lair:2   | Found a staircase to the Snake Pit.
 18537 | Lair:3   | Noticed Urug
 19410 | Lair:4   | Found a shimmering blue altar of Sif Muna.
 19428 | Lair:4   | Found a staircase to the Slime Pits.
 19428 | Lair:4   | Found a viscous altar of Jiyva.
 19787 | Lair:4   | Found a runed translucent door.
 19791 | Lair:4   | Found a shimmering altar of Xom.
 19791 | Lair:4   | Noticed Duteqan's ghost (journeyman TrFi)
 19791 | Lair:4   | Identified the +2 great sword "Kiludep" {chaos, Fly rElec
                  | rCorr Stlth+}
 19883 | Lair:4   | Identified the +4 war axe of Triumph {holy, rC+}
 20541 | Lair:3   | Killed Urug
 20583 | Lair:3   | Identified the +8 dagger "Etsionuq" {vamp, rPois rF+ Int+3}
 20871 | Lair:4   | Noticed Snorg
 20880 | Lair:4   | Killed Snorg
 21603 | Lair:5   | Entered Level 5 of the Lair of Beasts
 21603 | Lair:5   | Noticed Jeban's ghost (journeyman OpFi)
 21603 | Lair:5   | Found a runed translucent gate.
 21603 | Lair:5   | Found a runed translucent gate.
 21603 | Lair:5   | Found a runed translucent gate.
 21612 | Lair:5   | Noticed Nessos
 22312 | Lair:5   | HP: 1/95 [Nessos/arrow (16)]
 22312 | Lair:5   | Shot with an arrow by Nessos

Illustrated notes

Levels and vault maps discovered:
D:1:      sevenhm_arrival_forest_fort_small_6, layout_rooms, minivault_4
D:2:      layout_loops_ring, shapermc_ecumenical_altar_mp_highgroup,
          chequers_serial_rivers_micro_d, minmay_joined_circles, uniq_natasha,
          uniq_crazy_yiuf_cottage, uniq_robin
D:3:      layout_loops_ring, minivault_23, chequers_hall_statues_corner_a,
          minmay_cut_off, uniq_terence
D:4:      layout_loops_cross, nicolae_hepliaklqana_hazy_memory,
          minmay_temple_entry_crystal_x, uniq_menkaure
D:5:      layout_cave_pools
D:6:      layout_loops_cross, serial_undead, serial_undead_b, serial_undead_b,
          serial_undead_c, serial_undead_b, serial_undead_e, serial_undead_b,
          minmay_a_box_with_orc_wizards_in_it, uniq_eustachio,
          uniq_blork_the_orc, uniq_grinder
D:7:      wander_river, layout_cave_pools, minmay_diced_spiral
D:8:      layout_loops_ring, mainiacjoe_overflow_24_doors, grunt_ministairs_15,
          chequers_serial_rivers_small_3, kennysheep_generic_room_10,
          uniq_prince_ribbit1
D:9:      layout_irregular_city, minmay_orc_entry_temple_small, serial_shops,
          shop, uniq_erolcha
D:10:     layout_roguey, lemuel_round_altar, grunt_temple_overflow_diamond,
          nicolae_sif_muna_condensation, serial_aquarium,
          aquarium_bridge_straight [aquarium_subvault_bridge,
          aquarium_subvault_wall, aquarium_subvault_bridge,
          aquarium_subvault_balcony], aquarium_bridge_island_small
          [aquarium_subvault_small_open, aquarium_subvault_bridge,
          aquarium_subvault_bridge, aquarium_subvault_wall,
          aquarium_subvault_bridge], aquarium_window_corridor_1,
          aquarium_window_fake, aquarium_view_2e, aquarium_pool_2,
          minmay_misc_feat_pillars
D:11:     layout_layer_cave, due_lair_maze_entry_diamond,
          serial_co_window_serial, co_window_paths_a, co_window_corner_a,
          co_window_paths_a, co_window_paths_b, co_window_paths_b,
          co_window_corner_a, co_window_paths_b, co_window_paths_b,
          co_window_of_opportunity_a, co_window_of_opportunity_b,
          co_window_of_opportunity_c, co_window_corner_b,
          co_window_of_opportunity_c, glass_columns_a
Temple:   minmay_freezing_vapour_temple
Lair:1:   layout_gridlike, pdpol_lair_cavern_descent
Lair:2:   layout_chaotic_city, elwin_shoals_entry_stream,
          nicolae_snake_entry_squirm, uniq_nergalle
Lair:3:   layout_gridlike, chequers_serial_rivers_marsh, minivault_27,
          beast_lair_carwin_4, uniq_urug
Lair:4:   layout_cave_pods, nicolae_slime_entry_field_trip, ebering_ghost_xom,
          basic_altar, uniq_snorg
Lair:5:   cheibrodos_lair_end_hotspot, layout_hall_layers,
          gammafunk_ghost_hydra_chop, nicolae_lair_grazing_beasts
          [nicolae_sub_lair_graze_edge, nicolae_sub_lair_graze_edge,
          nicolae_sub_lair_graze_edge, nicolae_sub_lair_graze_edge], uniq_nessos
Orc:1:    layout_caves, uniq_fannar

Skill      XL: |  1  2  3  4  5  6  7  8  9 10 11 12 13 |
---------------+----------------------------------------+-----
Stealth        | 7 8 9 11 12 13 13 | 13.8
Dodging        | 3 4 5 6 7 8 10 10 11 | 11.2
Fighting       | 4 5 6 7 9 10 10 11 | 11.3
Short Blades   | 3 4 5 6 7 8 |  8.0
Maces & Flails | 1 2 3 4 5 6 6 7 |  7.3
Evocations     | 2 3 |  3.8
Throwing       | 2 3 |  3.5

Action                     |  1- 3 |  4- 6 |  7- 9 | 10-12 | 13-15 || total
---------------------------+-------+-------+-------+-------+-------++-------
  Melee: Short sword       |    45 |    79 |       |       |       ||   124
         Tentacles         |    12 |    32 |    58 |   218 |   100 ||   420
         Constrict         |     7 |    35 |    34 |    80 |    21 ||   177
         Dagger            |       |    66 |   212 |       |    94 ||   372
         Punch             |       |     1 |     2 |    19 |     6 ||    28
         Rapier            |       |       |    32 |   663 |   204 ||   899
  Throw: Stone             |       |       |    30 |       |       ||    30
         Boomerang         |       |       |       |    12 |       ||    12
   Cast: Sandblast         |       |       |     7 |       |       ||     7
 Invoke: Reject Sacrifices |       |       |       |     1 |     1 ||     2
         Sacrifice Skill   |       |       |       |     1 |       ||     1
  Evoke: Wand              |       |       |       |       |     1 ||     1
    Use: Scroll            |     1 |     4 |     3 |    11 |     8 ||    27
         Potion            |       |     2 |       |     2 |     4 ||     8
   Stab: Sleeping          |     7 |    34 |    16 |    34 |    16 ||   107
         Distracted        |       |       |       |       |     1 ||     1
 Armour: Skin              |       |     8 |     6 |     9 |     1 ||    24
  Dodge: Dodged            |    30 |    56 |   176 |   425 |   204 ||   891
